 Dungeon Crawl Stone Soup version 0.30-a0-639-g3916f1956a (webtiles) character file.

Game seed: 15928081061296707258

41 acebull12 the Shield-Bearer (level 3, 0/30 HPs)
             Began as a Formicid Fighter on Jan 17, 2023.
             Slain by a gnoll
             ... wielding a +0 club
              (3 damage)
             ... on level 2 of the Dungeon.
             The game lasted 00:02:41 (1321 turns).

acebull12 the Shield-Bearer (Formicid Fighter)      Turns: 1321, Time: 00:02:42

Health: 0/30       AC:  7    Str: 22    XL:     3   Next: 75%
Magic:  3/3        EV:  9    Int:  7    God:
Gold:   10         SH:  5    Dex: 13    Spells: 2/2 levels left

rFire   . . .      SeeInvis +    a - +0 war axe
rCold   . . .      Faith    .    c - +0 buckler
rNeg    . . .      Spirit   .    b - +0 scale mail
rPois   .          Reflect  .    (helmet unavailable)
rElec   .          Harm     .    (no cloak)
rCorr   .          Rampage  .    (no gloves)
Will    .....                    (no boots) Stlth
                                 (no amulet)
HPRegen 0.25/turn                (no ring)
MPRegen 0.08/turn                (no ring)

@: no status effects
A: permanent stasis, dig shafts and tunnels, antennae 3, four strong arms
a: Dig, Shaft Self


You were on level 2 of the Dungeon.
You visited 1 branch of the dungeon, and saw 2 of its levels.

You collected 10 gold pieces.

Inventory:

Hand Weapons
 a - a +0 war axe (weapon)
 n - the +9 dagger "Xiotu" {venom, rPois}
   (You found it on level 2 of the Dungeon)

   rPois:     It protects you from poison.
Missiles
 g - 26 stones
 i - 2 poisoned darts
Armour
 b - a +0 scale mail (worn)
 c - a +0 buckler (worn)
Scrolls
 f - a scroll of immolation {unknown}
 h - a scroll of teleportation {unknown}
 l - a scroll of identify {unknown}
 o - a scroll of magic mapping {unknown}
Potions
 d - a potion of might
 e - a potion of cancellation {unknown}
 j - a potion of flight {unknown}
 k - a potion of degeneration {unknown}
 m - a potion of haste {unknown}


   Skills:
 + Level 3.7 Fighting
 * Level 2.5 Axes
 * Level 0.6 Throwing
 * Level 3.7 Armour
 + Level 0.2 Dodging
 * Level 4.2 Shields


You had 2 spell levels left.
You didn't know any spells.
Your spell library was empty.

Dungeon Overview and Level Annotations

Branches:
Dungeon (2/15)

Altars:


Innate Abilities, Weirdness & Mutations

You cannot be hasted, slowed, berserked, paralysed or teleported.
You can dig through walls and to a lower floor.
You have a pair of large antennae on your head. (SInv)
Your four strong arms can wield two-handed weapons with a shield.


Message History

You slash the endoplasm!
You kill the endoplasm!
No target in view!
No target in view!
A hobgoblin comes into view.
The hobgoblin shouts!
A hobgoblin is nearby!
The hobgoblin completely misses you.
You barely miss the hobgoblin. The hobgoblin hits you.
You block the hobgoblin's attack.
You slash the hobgoblin!
You kill the hobgoblin!
No target in view!
You sense a monster nearby.
You sense a monster nearby.
You sense a monster nearby.
No target in view!
No target in view!
g - 26 stones (gained 3)
o - a scroll labelled IFOL FUAZODAKA No target in view!
You open the door.
You sense a monster nearby. 3 gnolls come into view.
Found a scroll labelled UNACKE TAKLUFRIE.
Found an escape hatch in the floor.
The gnoll shouts! x3
There is an open door here.
The gnoll hits you with a +0 halberd!
You closely miss the gnoll. You barely miss the gnoll.
You hit the gnoll but do no damage. The gnoll hits you but does no damage.
The gnoll closely misses you. You block the gnoll's attack.
You closely miss the gnoll. You hit the gnoll. x2
The gnoll hits you with a +0 halberd!
* * * LOW HITPOINT WARNING * * *
The gnoll misses you. The gnoll hits you but does no damage.
The gnoll hits you with a +0 halberd.
* * * LOW HITPOINT WARNING * * *
The gnoll hits you with a +0 club.
You die...

#.############# #.
#.............# #.
#############.#
#.#### #.# #....#
#.# #....# #.#
#..?.# #.# #..gg#
#.# #..g@# #.#
##....############.#
#.....'............#
#.....##############
#...... {
#...########
#...#<.....#
#...#.####.#
..#......


You could see 3 gnolls.

Vanquished Creatures
  4 ball pythons
  6 bats
  4 endoplasms
  A giant cockroach (D:2)
  3 goblins
  4 hobgoblins
  4 jackals (D:1)
  A quokka (D:1)
  3 frilled lizards (D:1)
  3 kobolds
  4 rats (D:1)
37 creatures vanquished.

Notes
Turn   | Place    | Note
-------+----------+-------------------------------------------
     0 | D:1      | acebull12 the Formicid Fighter began the quest for the Orb.
     0 | D:1      | Reached XP level 1. HP: 18/18 MP: 1/1
    50 | D:1      | Reached XP level 2. HP: 21/24 MP: 2/2
   161 | D:1      | Found a faded altar of an unknown god.
   496 | D:1      | Reached XP level 3. HP: 30/30 MP: 3/3
  1075 | D:2      | Identified the +9 dagger "Xiotu" {venom, rPois}
  1321 | D:2      | Slain by a gnoll

Illustrated notes

Levels and vault maps discovered:
D:1:      lemuel_arrival_tunnels, layout_loops_ring,
          shapermc_ecumenical_altar_ellora, chequers_avenue, minmay_heptomino_d4
D:2:      wad_river_or_something, layout_basic, uniq_crazy_yiuf_cottage

Action                   || total
-------------------------++-------
Melee: War axe           ||    78
Armor: Scale mail        ||    40
Dodge: Dodged            ||    33
Block: Buckler           ||    24

Table legend: (Time is in decaauts)
 A = Elapsed time spent in this place.
 B = Non-inter-level travel time spent in this place.
 C = Inter-level travel time spent in this place.
 D = Time resting spent in this place.
 E = Time spent auto-exploring this place.
 F = Levels seen in this place.
 G = Mean time per level.
                   A        B        C        D        E       F      G
               +--------+--------+--------+--------+--------+-----+--------+
         Total |   1353 |   1241 |    112 |      0 |    977 |   2 |  676.5 |
       Dungeon |   1353 |   1241 |    112 |      0 |    977 |   2 |  676.5 |
               +--------+--------+--------+--------+--------+-----+--------+

Top non-repeatable levels by time:
     D:1: 985 daAuts
     D:2: 368 daAuts
